Map: Abyssal Reef LE

Players

Neuro

  • Race: Zerg Zerg
  • Spawn Location: 11:00

daydrA - Winner!

  • Race: Zerg Zerg
  • Spawn Location: 5:00

Event: WCS Austin 2017

VOD

Have the link to the VOD?

Description

Time

  • Played on: April 28, 2017, 3:32 p.m.
  • Length: 13:10

All games in this series

Show
View Real Time Build Order
Export as new Build Order

Neuro Zerg 

Build Orders: Pool First 

Get SALT Encoding   

  12  0:01  Drone  
  13  0:13  Overlord  
  13  0:17  Drone  
  14  0:31  Drone x2  
  14  0:34  Drone  
  17  0:53  Drone  
  17  0:54  Extractor  
  17  0:56  Spawning Pool  
  16  1:02  Drone  
  17  1:15  Hatchery  
  16  1:19  Drone  
  16  1:24  Drone  
  18  1:31  Drone  
  19  1:41  Overlord  
  19  1:45  Queen  
  21  1:52  Drone  
  22  1:57  Metabolic Boost  
  22  2:03  Drone  
  23  2:13  Zergling x2  
  24  2:20  Queen  
  26  2:27  Queen  
  26  2:29  Baneling Nest  
  27  2:30  Zergling x2  
  28  2:44  Drone x4  
  32  2:51  Overlord  
  32  3:00  Zergling x4  
  32  3:01  Zergling x2  
  35  3:11  Zergling x4  
  35  3:12  Zergling x2  
  37  3:18  Zergling x2  
  37  3:20  Baneling x3  
  37  3:26  Zergling x4  
  38  3:32  Zergling x8  
  42  3:40  Drone x3  
  42  3:50  Evolution Chamber  
  42  3:52  Baneling x2  
  41  4:07  Hatchery  
  41  4:09  Baneling x2  
  40  4:22  Overlord x2  
  37  4:40  Overlord  
  37  4:41  Drone x3  
  37  4:48  Zergling x2  
  36  4:54  Zergling x2  
  37  5:05  Zerg Ground Armor Level 1  
  36  5:11  Zergling x6  
  36  5:12  Baneling  
  39  5:15  Zergling x2  
  39  5:17  Hatchery  
  39  5:25  Zergling x2  
  40  5:32  Zergling x4  
  42  5:46  Overlord  
  42  5:47  Zergling x6  
  45  5:51  Zergling x8  
  46  6:02  Zergling x4  
  47  6:06  Baneling x2  
  47  6:08  Zergling x8  
  51  6:14  Drone  
  51  6:16  Roach Warren  
  51  6:21  Zergling x8  
  55  6:26  Baneling x2  
  55  6:30  Drone x3  
  52  6:42  Zergling x10  
  51  6:48  Zergling x2  
  51  6:53  Zergling x8  
  53  6:59  Zergling x4  
  50  7:03  Zergling x6  
  50  7:08  Baneling x2  
  51  7:13  Baneling x2  
  50  7:19  Drone x3  
  48  7:27  Overlord  
  48  7:28  Drone  
  42  7:44  Zergling x14  
  42  7:50  Roach  
  43  7:55  Zergling x6  
  43  7:58  Baneling x2  
  45  8:03  Zergling x4  
  41  8:07  Zergling x2  
  41  8:10  Zergling x2  
  40  8:14  Zergling x2  
  38  8:27  Drone x3  
  38  8:30  Roach  
  38  8:32  Baneling  
  43  8:39  Drone x2  
  45  8:42  Baneling  
  45  8:43  Baneling x2  
  45  8:49  Roach  
  45  8:54  Baneling x3  
  46  9:04  Drone x4  
  46  9:05  Extractor  
  44  9:25  Drone x6  
  44  9:26  Drone x3  
  53  9:36  Baneling x3  
  53  9:41  Hatchery  
  53  9:43  Zergling x2  
  53  9:57  Baneling x2  
  52  10:01  Zergling x12  
  52  10:04  Drone  
  52  10:05  Queen  
  60  10:11  Roach x2  
  62  10:20  Drone x5  
  67  10:23  Extractor  
  66  10:41  Zerg Missile Weapons Level 1  
  66  10:42  Drone x6  
  72  10:44  Lair  
  72  10:53  Drone x4  
  76  10:59  Queen  
  78  11:14  Drone x3  
  78  11:15  Overlord, Extractor x2  
  78  11:16  Overlord  
  78  11:30  Roach x2  
  62  11:40  Drone x10  
  61  11:55  Roach  
  61  11:56  Roach x3  
  69  12:02  Roach x3  
  73  12:09  Roach  
  73  12:12  Ravager  
  76  12:18  Roach x3  
  76  12:21  Roach x2  
  76  12:26  Roach x2  
  80  12:35  Roach x2  
  82  12:40  Roach  
  65  12:50  Roach x2  
Show
View Real Time Build Order
Export as new Build Order

daydrA Zerg - Winner!

Build Orders: Pool First 

Get SALT Encoding   

  12  0:00  Drone  
  13  0:12  Overlord  
  13  0:18  Drone  
  14  0:32  Drone x2  
  14  0:35  Drone  
  17  0:49  Extractor  
  16  0:50  Spawning Pool  
  16  0:54  Drone  
  16  0:56  Drone  
  17  1:21  Hatchery  
  16  1:26  Drone  
  17  1:38  Queen  
  19  1:44  Zergling x2  
  20  1:50  Metabolic Boost  
  20  1:55  Zergling x2  
  21  2:06  Overlord  
  21  2:12  Baneling Nest  
  21  2:13  Zergling x2  
  21  2:21  Zergling x2  
  22  2:26  Zergling x2  
  23  2:32  Zergling x2  
  23  2:34  Zergling x2  
  25  2:41  Zergling x2  
  26  2:45  Zergling x2  
  26  2:47  Zergling x2  
  26  2:51  Zergling x4  
  30  2:53  Zergling x2  
  30  2:55  Zergling x2  
  32  2:59  Baneling  
  32  3:04  Zergling x2  
  33  3:07  Zergling x2  
  33  3:15  Zergling x2  
  33  3:16  Zergling x2  
  35  3:21  Baneling x2  
  34  3:30  Drone x2  
  25  3:41  Drone x2  
  25  3:44  Drone x2  
  27  3:51  Zergling x4  
  29  4:00  Baneling x3  
  29  4:03  Zergling x4  
  29  4:09  Queen  
  33  4:10  Zergling x2  
  33  4:14  Overlord  
  34  4:20  Overlord  
  29  4:39  Zergling x4  
  30  4:50  Drone x3  
  30  4:51  Zergling x4  
  31  4:55  Zergling x2  
  32  5:01  Zergling x4  
  32  5:05  Zergling x2  
  32  5:09  Drone  
  32  5:13  Zergling x2  
  34  5:15  Baneling  
  34  5:16  Baneling  
  34  5:19  Drone  
  35  5:25  Baneling  
  35  5:26  Zergling x4  
  37  5:29  Zergling x2  
  37  5:31  Zergling x2  
  37  5:33  Drone  
  37  5:35  Drone  
  41  5:38  Drone  
  41  5:40  Drone  
  43  5:43  Drone  
  44  5:50  Overlord  
  44  5:53  Zergling x2  
  42  5:57  Zergling x2  
  42  6:01  Drone  
  42  6:02  Overlord  
  43  6:17  Baneling x2  
  43  6:18  Hatchery, Baneling x2  
  42  6:21  Zergling x4  
  44  6:29  Zergling x4  
  47  6:32  Zergling x2  
  47  6:33  Zergling x4  
  47  6:41  Zergling x6  
  47  6:43  Zergling x2  
  49  6:47  Zergling x4  
  48  6:57  Baneling x2  
  48  6:58  Zergling x2  
  48  7:00  Overlord  
  47  7:02  Zergling x6  
  47  7:05  Zergling x2  
  50  7:11  Zergling x2  
  50  7:20  Zergling x4  
  50  7:21  Baneling  
  50  7:22  Baneling  
  51  7:25  Baneling x2  
  51  7:26  Baneling x5  
  51  7:27  Zergling x2  
  52  7:30  Zergling x2  
  47  7:47  Zergling x10  
  48  7:54  Zergling x2  
  48  8:04  Zergling x2  
  46  8:06  Zergling x4  
  46  8:07  Zergling x2  
  46  8:13  Zergling x2  
  46  8:15  Zergling x2  
  46  8:18  Roach Warren  
  46  8:25  Drone x2  
  42  8:27  Drone  
  42  8:31  Drone  
  42  8:33  Drone  
  45  8:35  Drone  
  45  8:36  Hatchery  
  45  8:38  Drone  
  46  8:46  Drone x2  
  48  8:55  Zergling x6  
  51  8:57  Zergling x4  
  51  8:59  Zergling x4  
  51  9:01  Zergling x2  
  52  9:07  Zergling x4  
  46  9:19  Roach x2  
  46  9:23  Roach x3  
  56  9:27  Roach  
  58  9:39  Roach x2  
  61  9:47  Overlord  
  61  9:48  Queen, Roach x2  
  61  9:49  Drone  
  61  9:50  Drone x2  
  70  9:53  Drone  
  70  10:02  Lair  
  70  10:04  Extractor  
  68  10:13  Ravager  
  68  10:14  Ravager x2  
  71  10:16  Drone x2  
  71  10:17  Drone x3  
  71  10:18  Drone  
  77  10:22  Drone  
  77  10:23  Drone  
  77  10:24  Drone  
  77  10:25  Drone  
  81  10:29  Overlord  
  81  10:35  Overlord  
  81  10:49  Roach  
  85  10:50  Roach x3  
  85  10:53  Overlord x2, Evolution Chamber  
  85  10:54  Drone  
  89  11:08  Roach x2  
  93  11:12  Roach x2  
  93  11:17  Drone x3  
  100  11:19  Extractor x2  
  98  11:28  Roach x5  
  98  11:32  Roach  
  110  11:39  Roach  
  106  11:41  Baneling  
  106  11:45  Drone x4  
  106  11:46  Drone x4  
  109  11:49  Extractor  
  109  11:50  Extractor  
  109  11:52  Baneling x2  
  103  11:54  Zergling x4  
  103  11:55  Zergling x4  
  103  11:56  Zergling x2  
  103  12:00  Zergling x2  
  107  12:08  Zergling x4  
  109  12:13  Zergling x2  
  109  12:15  Zergling x2  
  110  12:16  Zergling x4  
  110  12:17  Zergling x2  
  110  12:18  Zergling x2  
  110  12:19  Zergling x2  
  110  12:24  Pneumatized Carapace  
  110  12:27  Roach  
  107  12:33  Zergling x4  
  106  12:38  Zergling x2  
  99  12:46  Roach x2  
  99  12:49  Zergling x2  
Tags
 
Add a new tag
Caveats
  • Supply blocks, unpowered buildings, or Contaminate may cause inaccurate times.
  • Supply counts are checked every 10 seconds.